TOP OF THE 1ST |
Memphis Blues batting - Pitching for Montgomery Biscuits : RHP Félix Andrade
|
Pitching: RHP Félix Andrade
|
|
Batting: RHB Peyton Pennington
|
0-0: Ball 1-0: Ball 2-0: Fly out, F8 (Line Drive, 8LM)
|
Batting: RHB Jaime Spiridon
|
0-0: Fly out, F9 (Flyball, 89D)
|
Batting: RHB Glenn Melican
|
0-0: Fly out, F7 (Line Drive, 7D)
|
Top of the 1st over - 0 run(s), 0 hit(s), 0 error(s), 0 left on base; Memphis 0 - Montgomery 0 |
BOTTOM OF THE 1ST |
Montgomery Biscuits batting - Pitching for Memphis Blues : RHP Rafael Ressureio
|
Pitching: RHP Rafael Ressureio
|
|
Batting: LHB Alberto Santos
|
0-0: Ball 1-0: Foul Ball, location: 2F 1-1: Ball 2-1: SINGLE (Line Drive, 8LS)
|
Batting: LHB António Fernández
|
0-0: Ball 1-0: Ball 2-0: Ball 3-0: Called Strike 3-1: Called Strike 3-2: Strikes out looking
|
Batting: RHB José Montoya
|
0-0: Ball 1-0: Swinging Strike 1-1: Ball 2-1: Foul Ball, location: 2F 2-2: Foul Ball, location: 2F 2-2: Strikes out swinging
|
Batting: SHB Terry O'Farrell
|
0-0: Foul Ball, location: 2F 0-1: Ball 1-1: Ball 2-1: Ball 3-1: Fielders Choice at 2nd, 4-6 (Groundball, 34)
|
Bottom of the 1st over - 0 run(s), 1 hit(s), 0 error(s), 0 left on base; Memphis 0 - Montgomery 0 |
TOP OF THE 2ND |
Memphis Blues batting - Pitching for Montgomery Biscuits : RHP Félix Andrade
|
Batting: LHB Alan McGilroy
|
0-0: Swinging Strike 0-1: Ball 1-1: Ground out U3 (Groundball, 34S)
|
Batting: RHB Dave Wookey
|
0-0: Ball 1-0: Foul Ball, location: 2F 1-1: Foul Ball, location: 2F 1-2: Ground out 6-3 (Groundball, 6)
|
Batting: RHB Artie Green
|
0-0: Called Strike 0-1: Fly out, F3 (Popup, 3D)
|
Top of the 2nd over - 0 run(s), 0 hit(s), 0 error(s), 0 left on base; Memphis 0 - Montgomery 0 |
BOTTOM OF THE 2ND |
Montgomery Biscuits batting - Pitching for Memphis Blues : RHP Rafael Ressureio
|
Batting: RHB Carlos Vásquez
|
0-0: SINGLE (Groundball, 6MD)
|
Batting: RHB Rusty Downy
|
0-0: Fielders Choice at 2nd, 4-6 (Groundball, 4)
|
Batting: RHB Bob McDonald
|
0-0: Ball 1-0: Called Strike Rusty Downy steals 2nd base 1-1: Fly out, F3 (Line Drive, 3)
|
Batting: RHB Glen MacDonald
|
0-0: Foul Ball, location: 2F 0-1: Called Strike 0-2: Ball 1-2: Fly out, F9 (Flyball, 9LS)
|
Bottom of the 2nd over - 0 run(s), 1 hit(s), 0 error(s), 1 left on base; Memphis 0 - Montgomery 0 |
TOP OF THE 3RD |
Memphis Blues batting - Pitching for Montgomery Biscuits : RHP Félix Andrade
|
Batting: RHB Chase Mueller
|
0-0: Fly out, F4 (Popup, 4)
|
Batting: LHB Mark Folger
|
0-0: Called Strike 0-1: Fly out, F8 (Flyball, 8LM)
|
Batting: RHB David Crespo
|
0-0: Ball 1-0: Ball 2-0: Called Strike 2-1: Swinging Strike 2-2: Ball 3-2: Ground out 6-3 (Groundball, 6MD)
|
Top of the 3rd over - 0 run(s), 0 hit(s), 0 error(s), 0 left on base; Memphis 0 - Montgomery 0 |
BOTTOM OF THE 3RD |
Montgomery Biscuits batting - Pitching for Memphis Blues : RHP Rafael Ressureio
|
Batting: RHB Dave Roberts
|
0-0: Called Strike 0-1: Ball 1-1: Fly out, F7 (Line Drive, 7)
|
Batting: LHB Alberto Santos
|
0-0: Ground out 4-3 (Groundball, 4S)
|
Batting: LHB António Fernández
|
0-0: Foul Ball, location: 2F 0-1: Ball 1-1: Foul Ball, location: 2F 1-2: Ground out 4-3 (Groundball, 4S)
|
Bottom of the 3rd over - 0 run(s), 0 hit(s), 0 error(s), 0 left on base; Memphis 0 - Montgomery 0 |
TOP OF THE 4TH |
Memphis Blues batting - Pitching for Montgomery Biscuits : RHP Félix Andrade
|
Batting: RHB Peyton Pennington
|
0-0: Ball 1-0: Called Strike 1-1: Bunted foul 1-2: Foul Ball, location: 2F 1-2: SINGLE (Flyball, 7LS)
|
Batting: RHB Jaime Spiridon
|
0-0: Ball Peyton Pennington is caught stealing 2nd base 1-0: Fly out, F2 (Popup, 13S)
|
Batting: RHB Glenn Melican
|
0-0: Swinging Strike 0-1: Fly out, F9 (Flyball, 9)
|
Top of the 4th over - 0 run(s), 1 hit(s), 0 error(s), 0 left on base; Memphis 0 - Montgomery 0 |
BOTTOM OF THE 4TH |
Montgomery Biscuits batting - Pitching for Memphis Blues : RHP Rafael Ressureio
|
Batting: RHB José Montoya
|
0-0: Ball 1-0: Ball 2-0: Ball 3-0: Base on Balls
|
Batting: SHB Terry O'Farrell
|
0-0: Called Strike 0-1: Ball 1-1: SINGLE (Line Drive, 89S) José Montoya to second
|
Batting: RHB Carlos Vásquez
|
0-0: Ball 1-0: Called Strike 1-1: Ball 2-1: Foul Ball, location: 2F 2-2: Ball 3-2: Fly out, F2 (Popup, 23)
|
Batting: RHB Rusty Downy
|
0-0: Foul Ball, location: 2F 0-1: Ball 1-1: Ball 2-1: Ball 3-1: Called Strike 3-2: Base on Balls José Montoya to third Terry O'Farrell to second
|
Batting: RHB Bob McDonald
|
0-0: Foul Ball, location: 2F 0-1: Swinging Strike 0-2: Ball 1-2: Strikes out looking
|
Batting: RHB Glen MacDonald
|
0-0: Fielders Choice at 2nd, 6-4 (Groundball, 6)
|
Bottom of the 4th over - 0 run(s), 1 hit(s), 0 error(s), 2 left on base; Memphis 0 - Montgomery 0 |
TOP OF THE 5TH |
Memphis Blues batting - Pitching for Montgomery Biscuits : RHP Félix Andrade
|
Batting: LHB Alan McGilroy
|
0-0: Called Strike 0-1: Swinging Strike 0-2: Ball 1-2: Ball 2-2: Ball 3-2: Base on Balls
|
Batting: RHB Dave Wookey
|
0-0: Called Strike 0-1: Called Strike 0-2: Strikes out swinging
|
Batting: RHB Artie Green
|
0-0: Swinging Strike 0-1: Ball 1-1: Foul Ball, location: 2F 1-2: Ball 2-2: Foul Ball, location: 2F 2-2: Strikes out swinging
|
Batting: RHB Chase Mueller
|
0-0: Ball Alan McGilroy is caught stealing 2nd base
|
Top of the 5th over - 0 run(s), 0 hit(s), 0 error(s), 0 left on base; Memphis 0 - Montgomery 0 |
BOTTOM OF THE 5TH |
Montgomery Biscuits batting - Pitching for Memphis Blues : RHP Rafael Ressureio
|
Batting: RHB Dave Roberts
|
0-0: Ball 1-0: Ball 2-0: Ground out 4-3 (Groundball, 34D)
|
Batting: LHB Alberto Santos
|
0-0: Ball 1-0: Called Strike 1-1: Foul Ball, location: 2F 1-2: Ball 2-2: Ball 3-2: Base on Balls
|
Batting: LHB António Fernández
|
0-0: Ball 1-0: Ball 2-0: Called Strike 2-1: Grounds into double play, 6-4-3 (Groundball, 6)
|
Bottom of the 5th over - 0 run(s), 0 hit(s), 0 error(s), 0 left on base; Memphis 0 - Montgomery 0 |
TOP OF THE 6TH |
Memphis Blues batting - Pitching for Montgomery Biscuits : RHP Félix Andrade
|
Batting: RHB Chase Mueller
|
0-0: Fly out, F9 (Flyball, 89D)
|
Batting: LHB Mark Folger
|
0-0: Ball 1-0: Foul Ball, location: 2F 1-1: Ground out 4-3 (Groundball, 4)
|
Batting: RHB David Crespo
|
0-0: Foul Ball, location: 2F 0-1: Called Strike 0-2: Strikes out swinging
|
Top of the 6th over - 0 run(s), 0 hit(s), 0 error(s), 0 left on base; Memphis 0 - Montgomery 0 |
BOTTOM OF THE 6TH |
Montgomery Biscuits batting - Pitching for Memphis Blues : RHP Rafael Ressureio
|
Batting: RHB José Montoya
|
0-0: Foul Ball, location: 2F 0-1: Called Strike 0-2: Strikes out swinging
|
Batting: SHB Terry O'Farrell
|
0-0: Swinging Strike 0-1: Called Strike 0-2: Ball 1-2: Ball 2-2: Fly out, F1 (Popup, 15)
|
Batting: RHB Carlos Vásquez
|
0-0: Ball 1-0: Foul Ball, location: 2F 1-1: Foul Ball, location: 2F 1-2: Foul Ball, location: 2F 1-2: Ball 2-2: Ball 3-2: Base on Balls
|
Batting: RHB Rusty Downy
|
0-0: Swinging Strike 0-1: Ball 1-1: Called Strike 1-2: Ball 2-2: Foul Ball, location: 2F 2-2: Foul Ball, location: 2F 2-2: Fly out, F6 (Line Drive, 6M)
|
Bottom of the 6th over - 0 run(s), 0 hit(s), 0 error(s), 1 left on base; Memphis 0 - Montgomery 0 |
TOP OF THE 7TH |
Memphis Blues batting - Pitching for Montgomery Biscuits : RHP Félix Andrade
|
Batting: RHB Peyton Pennington
|
0-0: Ball 1-0: Ground out 6-3 (Groundball, 56)
|
Batting: RHB Jaime Spiridon
|
0-0: Ball 1-0: Fly out, F7 (Flyball, 7S)
|
Batting: RHB Glenn Melican
|
0-0: Ball 1-0: Ball 2-0: Called Strike 2-1: Foul Ball, location: 2F 2-2: Strikes out looking
|
Top of the 7th over - 0 run(s), 0 hit(s), 0 error(s), 0 left on base; Memphis 0 - Montgomery 0 |
BOTTOM OF THE 7TH |
Montgomery Biscuits batting - Pitching for Memphis Blues : RHP Rafael Ressureio
|
Pitching: RHP Larry West
|
|
Pinch Hitting: LHB Bob Jones
|
0-0: Ball 1-0: SINGLE (Groundball, 4D)
|
Batting: RHB Glen MacDonald
|
0-0: Sac Bunt - play at second, runner OUT! 3-6
|
Pinch Hitting: SHB Jack Estes
|
0-0: Called Strike 0-1: Called Strike 0-2: Fielders Choice at 2nd, 4-6 (Groundball, 4)
|
Batting: LHB Alberto Santos
|
0-0: Fly out, F7 (Flyball, 78M)
|
Bottom of the 7th over - 0 run(s), 1 hit(s), 0 error(s), 1 left on base; Memphis 0 - Montgomery 0 |
TOP OF THE 8TH |
Memphis Blues batting - Pitching for Montgomery Biscuits : RHP Félix Andrade
|
Now in LF: Bob Jones
|
|
Now in RF: Brian MacIntosh
|
|
Batting: LHB Alan McGilroy
|
0-0: Ball 1-0: Called Strike 1-1: Foul Ball, location: 2F 1-2: Ball 2-2: Strikes out swinging
|
Pinch Hitting: LHB John Foster
|
0-0: Ball 1-0: Called Strike 1-1: Ball 2-1: Foul Ball, location: 2F 2-2: Ground out 4-3 (Groundball, 4S)
|
Batting: RHB Artie Green
|
0-0: Called Strike 0-1: Ball 1-1: Ball 2-1: SINGLE (Flyball, 9LS)
|
Batting: RHB Chase Mueller
|
0-0: Fly out, F9 (Line Drive, 89M)
|
Top of the 8th over - 0 run(s), 1 hit(s), 0 error(s), 1 left on base; Memphis 0 - Montgomery 0 |
BOTTOM OF THE 8TH |
Montgomery Biscuits batting - Pitching for Memphis Blues : RHP Larry West
|
Now in RF: John Foster
|
|
Batting: LHB António Fernández
|
0-0: Fly out, F6 (Popup, 6D)
|
Batting: RHB José Montoya
|
0-0: Ball 1-0: SINGLE (Line Drive, 7S)
|
Batting: SHB Terry O'Farrell
|
0-0: Foul Ball, location: 2F 0-1: Foul Ball, location: 2F 0-2: Ball 1-2: Ball 2-2: Foul Ball, location: 2F 2-2: SINGLE (Line Drive, 89M) José Montoya to second
|
Batting: RHB Carlos Vásquez
|
0-0: Foul Ball, location: 2F 0-1: Foul Ball, location: 2F 0-2: Strikes out swinging
|
Batting: RHB Rusty Downy
|
0-0: Ball 1-0: Swinging Strike 1-1: Foul Ball, location: 2F 1-2: Fielders Choice at 2nd, U4 (Groundball, 4M)
|
Bottom of the 8th over - 0 run(s), 2 hit(s), 0 error(s), 2 left on base; Memphis 0 - Montgomery 0 |
TOP OF THE 9TH |
Memphis Blues batting - Pitching for Montgomery Biscuits : RHP Félix Andrade
|
Batting: LHB Mark Folger
|
0-0: Fly out, F8 (Flyball, 8LD)
|
Pinch Hitting: RHB Lorenzo Mota
|
0-0: Ball 1-0: Foul Ball, location: 2F 1-1: Called Strike 1-2: Ball 2-2: Ball 3-2: DOUBLE (Flyball, 89D)
|
Batting: RHB Peyton Pennington
|
0-0: Called Strike 0-1: Foul Ball, location: 2F 0-2: Strikes out looking
|
Batting: RHB Jaime Spiridon
|
0-0: Called Strike 0-1: Ball 1-1: Ground out 6-3 (Groundball, 6D)
|
Top of the 9th over - 0 run(s), 1 hit(s), 0 error(s), 1 left on base; Memphis 0 - Montgomery 0 |
BOTTOM OF THE 9TH |
Montgomery Biscuits batting - Pitching for Memphis Blues : RHP Larry West
|
Pitching: RHP Tommy Waters
|
|
Now at C: Salvador Mendoza
|
|
Batting: LHB Bob Jones
|
0-0: Ball 1-0: Ball 2-0: Foul Ball, location: 2F 2-1: Foul Ball, location: 2F 2-2: Foul Ball, location: 2F 2-2: Ball 3-2: Base on Balls
|
Batting: RHB Glen MacDonald
|
0-0: Swinging Strike
|
|
|
|
0-1: Bunted foul 0-2: Grounds into double play, 4-6-3 (Groundball, 4)
|
Batting: LHB Brian MacIntosh
|
0-0: Ball 1-0: SINGLE (Groundball, 4MD)
|
Batting: LHB Alberto Santos
|
0-0: Fielders Choice at 2nd, 5-4 (Groundball, 56)
|
Bottom of the 9th over - 0 run(s), 1 hit(s), 0 error(s), 0 left on base; Memphis 0 - Montgomery 0 |
TOP OF THE 10TH |
Memphis Blues batting - Pitching for Montgomery Biscuits : RHP Félix Andrade
|
Pitching: RHP Clancy Steele
|
|
Batting: RHB Glenn Melican
|
0-0: Called Strike 0-1: Foul Ball, location: 2F 0-2: Ball 1-2: Ball 2-2: Foul Ball, location: 2F 2-2: Strikes out swinging
|
Batting: LHB Alan McGilroy
|
0-0: Foul Ball, location: 2F 0-1: SINGLE (Groundball, P) (infield hit)
|
Pinch Runner at 1st José Cabral:
|
|
Batting: LHB John Foster
|
0-0: Foul Ball, location: 2F 0-1: Ball 1-1: Ground out 2-3 (Groundball, 15S) José Cabral to second
|
Pinch Hitting: LHB Raúl García
|
0-0: Ball 1-0: Foul Ball, location: 2F 1-1: Foul Ball, location: 2F 1-2: Strikes out looking
|
Top of the 10th over - 0 run(s), 1 hit(s), 0 error(s), 1 left on base; Memphis 0 - Montgomery 0 |
BOTTOM OF THE 10TH |
Montgomery Biscuits batting - Pitching for Memphis Blues : RHP Tommy Waters
|
Now at 1B: Raúl García
|
|
Now in CF: José Cabral
|
|
Batting: LHB António Fernández
|
0-0: Ball 1-0: Ball 2-0: Ball 3-0: Base on Balls
|
Pinch Runner at 1st Jerry Johnston:
|
|
Batting: RHB José Montoya
|
0-0: Ball 1-0: Swinging Strike 1-1: Fly out, F9 (Flyball, 9LM)
|
Batting: SHB Terry O'Farrell
|
0-0: Ball 1-0: Foul Ball, location: 2F 1-1: Ball 2-1: Fly out, F8 (Flyball, 8RM)
|
Batting: RHB Carlos Vásquez
|
0-0: Foul Ball, location: 2F 0-1: Ball 1-1: Called Strike Jerry Johnston steals 2nd base 1-2: Ground out 5-3 (Groundball, 56)
|
Bottom of the 10th over - 0 run(s), 0 hit(s), 0 error(s), 1 left on base; Memphis 0 - Montgomery 0 |
TOP OF THE 11TH |
Memphis Blues batting - Pitching for Montgomery Biscuits : RHP Clancy Steele
|
Now at C: Wilson Bray
|
|
Batting: RHB Chase Mueller
|
0-0: Ball 1-0: Called Strike 1-1: Ball 2-1: Swinging Strike 2-2: Strikes out looking
|
Batting: LHB Mark Folger
|
0-0: Ball 1-0: Foul Ball, location: 2F 1-1: Called Strike 1-2: Ball 2-2: Foul Ball, location: 2F 2-2: Ball 3-2: Base on Balls
|
Pinch Hitting: RHB Jorge Domínguez
|
0-0: Ball 1-0: Ground out 5-3 (Groundball, 56S) Mark Folger to second
|
Batting: RHB Peyton Pennington
|
0-0: Ball 1-0: Fly out, F7 (Flyball, 7LMF)
|
Top of the 11th over - 0 run(s), 0 hit(s), 0 error(s), 1 left on base; Memphis 0 - Montgomery 0 |
BOTTOM OF THE 11TH |
Montgomery Biscuits batting - Pitching for Memphis Blues : RHP Tommy Waters
|
Pitching: LHP Morgan O'Day
|
|
Now at C: Juan Hernández
|
|
Batting: RHB Rusty Downy
|
0-0: Called Strike 0-1: Foul Ball, location: 2F 0-2: Foul Ball, location: 2F 0-2: Foul Ball, location: 2F 0-2: Foul Ball, location: 2F 0-2: Strikes out swinging
|
Batting: LHB Bob Jones
|
0-0: Ball 1-0: Ball 2-0: Called Strike 2-1: Foul Ball, location: 2F 2-2: Strikes out swinging
|
Batting: RHB Glen MacDonald
|
0-0: Ball 1-0: Swinging Strike 1-1: Called Strike 1-2: Ball 2-2: Strikes out swinging
|
Bottom of the 11th over - 0 run(s), 0 hit(s), 0 error(s), 0 left on base; Memphis 0 - Montgomery 0 |
TOP OF THE 12TH |
Memphis Blues batting - Pitching for Montgomery Biscuits : RHP Clancy Steele
|
Pitching: RHP Jorge Gonzáles
|
|
Batting: RHB Jaime Spiridon
|
0-0: Ball 1-0: Ball 2-0: Ball 3-0: Base on Balls
|
Batting: RHB Glenn Melican
|
0-0: Called Strike 0-1: SINGLE (Groundball, 6D) Jaime Spiridon to second
|
Batting: RHB José Cabral
|
0-0: Ball 1-0: Fly out, F9 (Flyball, 9)
|
Batting: LHB John Foster
|
0-0: Swinging Strike 0-1: Ball 1-1: Fly out, F8 (Flyball, 8RD)
|
Batting: LHB Raúl García
|
0-0: SINGLE (Flyball, 7S) Jaime Spiridon to third Glenn Melican to second Runner from 3rd tries for Home, SAFE, no throw
|
Batting: RHB Chase Mueller
|
0-0: Called Strike 0-1: Ball 1-1: Ball 2-1: Ball 3-1: Fly out, F2 (Popup, 25)
|
Top of the 12th over - 1 run(s), 2 hit(s), 0 error(s), 2 left on base; Memphis 1 - Montgomery 0 |
BOTTOM OF THE 12TH |
Montgomery Biscuits batting - Pitching for Memphis Blues : LHP Morgan O'Day
|
Batting: LHB Brian MacIntosh
|
0-0: Ball 1-0: Ball 2-0: Called Strike 2-1: Fly out, F9 (Flyball, 9S)
|
Batting: LHB Alberto Santos
|
0-0: Reached on error, E3 (Groundball, 34)
|
Batting: SHB Wilson Bray
|
0-0: Called Strike 0-1: Ball 1-1: Ball 2-1: 2-RUN HOME RUN (Flyball, 7LD), Distance : 356 ft
|
Thursday, March 30th, 2017 - OOTP Baseball 17.12 Build 75
|
|